 Dungeon Crawl Stone Soup version 0.28-a0-445-g51f8dfeb47 (webtiles) character file.

Game seed: 14487063850100921849

2629 Dabor the Skirmisher (level 9, -1/71 HPs)
             Began as a Formicid Abyssal Knight on Sept 13, 2021.
             Was a Priest of Lugonu.
             Succumbed to a killer bee's poison
             ... on level 6 of the Dungeon.
             The game lasted 00:36:42 (9261 turns).

Dabor the Skirmisher (Formicid Abyssal Knight)      Turns: 9261, Time: 00:36:42

Health: -1/71      AC: 13    Str: 20 (21) XL:     9   Next: 92%
Magic:  0/13       EV: 10    Int:  9 (11) God:    Lugonu [***...]
Gold:   156        SH:  6    Dex:  9 (10) Spells: 8/8 levels left

rFire   . . .      SeeInvis +   z - +0 halberd
rCold   + . .      Faith    .   m - +1 buckler
rNeg    . . .      Spirit   +   t - +0 scale mail
rPois   .          Reflect  .   (helmet unavailable)
rElec   .          Harm     .   (no cloak)
rCorr   .          Rampage  .   (no gloves)
Will    .....                   r - +1 pair of boots
Stlth   ..........              q - amulet of guardian spirit
HPRegen 0.21/turn               s - +4 ring of protection
MPRegen 0.13/turn               e - ring of protection from cold

@: lethally poisoned (-1 -> -18)
A: permanent stasis, dig shafts and tunnels, antennae 3, four strong arms
a: Dig, Shaft Self, Renounce Religion, Depart the Abyss, Bend Space, Banish


You were on level 6 of the Dungeon.
You worshipped Lugonu.
Lugonu was most pleased with you.
You visited 1 branch of the dungeon, and saw 7 of its levels.
You visited the Abyss 1 time.

You collected 273 gold pieces.
You spent 117 gold pieces at shops.

Inventory:

Hand Weapons
 z - a +0 halberd (weapon)
Missiles
 d - 6 boomerangs
 l - 166 stones (quivered)
 n - 6 curare-tipped darts
 x - 18 poisoned darts
Armour
 a - a scarf of shadows
 m - a +1 buckler (worn)
 r - a +1 pair of boots (worn)
 t - a +0 scale mail (worn)
Jewellery
 e - a ring of protection from cold (right hand)
 g - an amulet of the acrobat
 q - an amulet of guardian spirit (around neck)
 s - a +4 ring of protection (left hand)
Scrolls
 k - a scroll of identify
Potions
 b - 2 potions of brilliance
 c - a potion of flight
 h - a potion of haste
 o - a potion of might
 w - a potion of mutation {unknown}


   Skills:
 + Level 6.6 Fighting
 + Level 5.6 Polearms
 + Level 4.9 Throwing
 + Level 6.0 Armour
 - Level 1.1 Dodging
 + Level 5.8 Shields
 + Level 6.5 Invocations


You had 8 spell levels left.
You didn't know any spells.
Your spell library contained the following spells:

 Spells                   Type           Power      Damage    Failure   Level
 Sublimation of Blood     Necr           0%         N/A       85%         2
 Dazzling Flash           Conj/Hex       0%         N/A       97%         3
 Frozen Ramparts          Ice            0%         1d2       97%         3
 Ice Form                 Ice/Tmut       0%         N/A       100%        4
 Iskenderun's Mystic Bla  Conj/Tloc      0%         2d3       100%        4
 Petrify                  Tmut/Erth      0%         N/A       100%        4
 Summon Ice Beast         Ice/Summ       0%         N/A       100%        4
 Irradiate                Conj/Tmut      0%         3d13      100%        5
 Starburst                Conj/Fire      0%         6d3       100%        6


Dungeon Overview and Level Annotations

Branches:
Dungeon (7/15)             Temple (0/1) D:6

Altars:
Fedhas
Gozag
Makhleb
Okawaru
Trog
Uskayaw
Xom

Shops:
D:6 [


Innate Abilities, Weirdness & Mutations

You cannot be hasted, slowed, berserked, paralysed or teleported.
You can dig through walls and to a lower floor.
You have a pair of large antennae on your head. (SInv)
Your four strong arms can wield two-handed weapons with a shield.


Message History

Okay, then.
You miss the killer bee.
The killer bee is lightly wounded.
The killer bee stings you.
* * * LOW HITPOINT WARNING * * *
The killer bee barely misses you. The killer bee stings you.
* * * LOW HITPOINT WARNING * * *
You feel better. You block the killer bee's attack. x2
Okay, then.
You closely miss the killer bee.
The killer bee is lightly wounded.
You block the killer bee's attack. The killer bee stings you.
* * * LOW HITPOINT WARNING * * *
The killer bee barely misses you.
The killer bee stings you but does no damage.
The killer bee completely misses you.
Okay, then.
Unknown command.
You block the killer bee's attack. The killer bee stings you.
* * * LOW HITPOINT WARNING * * *
The killer bee stings you.
* * * LOW HITPOINT WARNING * * *
The killer bee stings you.
* * * LOW HITPOINT WARNING * * *
You are lethally poisoned!
The killer bee poisons you!
As you read the scroll labelled PUSEF BASIEKH, it crumbles to dust.
It is a scroll of amnesia.
You feel forgetful for a moment.
* * * LOW HITPOINT WARNING * * *
You feel very sick. You block the killer bee's attack.
The killer bee stings you.
* * * LOW HITPOINT WARNING * * *
You are more poisoned.
The killer bee poisons you!
It was a potion of degeneration.
There was something very wrong with that liquid.
You feel weakened.
You feel dopey.
You feel clumsy.
You die...

....#...# ##..............#.....
⌠.#####.####.........##....#.....
..#####.##.##.....#..###...#.....
...........#....###..###.###....#
#...###.#........###.##..###....#
#...####.................##.....#
#...)..#............#.#.###.....'
#..................####........<#
##.........⌠....@..# ###.....####
#..............y..###.#........#
###......⌠.>.⌠....###............
#...#.............# ##.##........
...##......⌠.....#####.##........
....#........#.#...#.............
..#.#.......#####.§..............
.##.........# #............##..
##..#.#...#######..#.............


You could see a killer bee.

Vanquished Creatures
  Grinder (D:4)
  Eustachio (D:4)
  3 yaks (D:6)
  Duvessa (D:4)
  A necrophage (D:4)
  2 ogres (D:5)
  A sky beast (D:6)
  A phantom (D:6)
  A bullfrog (D:6)
  A scorpion (D:4)
  Dowan (D:4)
  A killer bee (D:6)
  3 wights
  2 howler monkeys (D:7)
  A crimson imp (D:6)
  2 centaur skeletons
  A gnoll shaman (D:6)
  An orc priest (D:4)
  A bullfrog skeleton (D:5)
  6 hounds
  5 iguanas
  3 orc wizards
  Robin (D:4)
  4 gnolls (D:6)
  5 adders
  An ufetubus (D:7)
  2 dart slugs (D:1)
  13 orcs
  3 ball pythons (D:1)
  10 endoplasms
  3 giant cockroaches
  10 goblins
  11 hobgoblins
  5 jackals
  2 quokkas
  A bat (D:1)
  A frilled lizard (D:1)
  9 kobolds
  9 rats
130 creatures vanquished.

Notes
Turn   | Place    | Note
-------+----------+-------------------------------------------
     0 | Abyss:1  | Dabor the Formicid Abyssal Knight began the quest for the
                  | Orb.
     0 | Abyss:1  | Reached XP level 1. HP: 18/18 MP: 2/2
     0 | D:1      | Escaped the Abyss
   161 | D:1      | Reached skill level 1 in Dodging
   175 | D:1      | Reached XP level 2. HP: 19/24 MP: 3/3
   263 | D:1      | Reached * piety under Lugonu
   366 | D:1      | Reached XP level 3. HP: 25/29 MP: 4/4
   761 | D:2      | Found a faded altar of an unknown god.
  1357 | D:2      | Reached XP level 4. HP: 37/37 MP: 6/6
  1948 | D:3      | Reached skill level 1 in Throwing
  2091 | D:3      | Reached ** piety under Lugonu
  2379 | D:3      | Reached skill level 1 in Shields
  2532 | D:3      | Reached XP level 5. HP: 29/42 MP: 7/7
  2792 | D:4      | Found a blossoming altar of Fedhas.
  3099 | D:4      | Noticed Eustachio
  3219 | D:4      | Killed Eustachio
  3220 | D:4      | Reached XP level 6. HP: 34/49 MP: 8/8
  3341 | D:4      | Noticed Grinder
  3391 | D:5      | Entered Level 5 of the Dungeon
  3561 | D:4      | Noticed a necrophage
  3793 | D:4      | Killed a necrophage
  3794 | D:4      | Reached XP level 7. HP: 49/55 MP: 7/9
  3878 | D:4      | Killed Grinder
  4155 | D:4      | Noticed Dowan
  4233 | D:4      | Reached skill level 5 in Fighting
  4544 | D:4      | Killed Dowan
  4545 | D:4      | Reached XP level 8. HP: 35/62 MP: 7/11
  4770 | D:4      | Noticed Robin
  4793 | D:4      | Killed Robin
  4862 | D:4      | Noticed a +0 short sword
  4862 | D:4      | Noticed a +0 falchion
  4862 | D:4      | Noticed a +0 dagger
  4862 | D:4      | Noticed a +0 short sword
  4862 | D:4      | Noticed a +0 spear
  4862 | D:4      | Noticed a +0 dagger
  4862 | D:4      | Noticed a +0 falchion
  4863 | D:4      | Noticed a +0 spear
  4874 | D:4      | Found a hide-covered altar of Uskayaw.
  5038 | D:4      | Noticed Duvessa
  5275 | D:4      | Killed Duvessa
  6237 | D:5      | Reached skill level 5 in Invocations
  7476 | D:6      | Found Burhuizi's Antique Armour Shoppe.
  7484 | D:6      | Reached skill level 5 in Armour
  7484 | D:6      | Reached XP level 9. HP: 66/69 MP: 13/13
  7494 | D:6      | Bought a pair of boots for 117 gold pieces
  7523 | D:6      | Found a staircase to the Ecumenical Temple.
  7546 | D:6      | Reached *** piety under Lugonu
  7567 | D:6      | Reached skill level 5 in Polearms
  7746 | D:6      | Found a burning altar of Makhleb.
  7746 | D:6      | Found a shimmering altar of Xom.
  7803 | D:6      | Reached skill level 5 in Shields
  8394 | D:6      | Found an opulent altar of Gozag.
  8635 | D:6      | Found a bloodstained altar of Trog.
  8636 | D:6      | Found an iron altar of Okawaru.
  9260 | D:6      | HP: 3/71 [killer bee (1)]
  9261 | D:6      | Succumbed to a killer bee's poison

Illustrated notes

Levels and vault maps discovered:
D:1:      dpeg_arrival_castle, layout_basic
D:2:      layout_loops_cross, dreamdust_ecumenical_altar_angels_and_demons,
          chequers_serial_rivers_room_a, minmay_stone_trees_medium,
          small_statue_intersection
D:3:      layout_basic
D:4:      layout_cave_pools, nicolae_uskayaw_en_pointe,
          mainiacjoe_overflow_concentric_impassable, uniq_duvessa,
          uniq_eustachio, uniq_robin, uniq_grinder
D:5:      layout_basic
D:6:      layout_cave_pools, grunt_temple_overflow_champion_of_chaos,
          grunt_temple_overflow_bloody_war, old_standard_altar,
          temple_fountains, serial_shops, shop_fountains, serial_rivers,
          chequers_serial_rivers_room_b, chequers_serial_rivers_micro_e,
          chequers_serial_rivers_micro_d, chequers_serial_rivers_small_a
D:7:      layout_layer_cave, kennysheep_little_box,
          mainiacjoe_overflow_catwalk_spiral, uniq_prince_ribbit1, uniq_harold

Skill      XL: |  1  2  3  4  5  6  7  8  9 |
---------------+----------------------------+-----
Dodging        | 1 |  1.1
Throwing       | 1 2 3 4 |  4.9
Invocations    | 3 4 5 6 |  6.5
Shields        | 1 2 3 4 5 |  5.8
Armour         | 3 4 5 6 |  6.0
Fighting       | 4 5 6 |  6.6
Polearms       | 3 4 5 |  5.6

Action                   |  1- 3 |  4- 6 |  7- 9 || total
-------------------------+-------+-------+-------++-------
Melee: Spear             |    52 |    34 |   362 ||   448
       Whip              |    52 |    34 |       ||    86
       Dagger            |       |   140 |    22 ||   162
       Halberd           |       |       |   156 ||   156
Throw: Stone             |    11 |    36 |    45 ||    92
       Boomerang         |       |       |    15 ||    15
       Dart              |       |       |     7 ||     7
Invok: Depart the Abyss  |     1 |       |       ||     1
       Bend Space        |       |     4 |    20 ||    24
       Banish            |       |       |     3 ||     3
 Abil: Dig               |     5 |     4 |     2 ||    11
  Use: Scroll            |       |       |    15 ||    15
       Potion            |       |       |     4 ||     4
Armor: Leather armour    |    24 |       |       ||    24
       Ring mail         |       |    20 |       ||    20
       Scale mail        |       |    65 |   208 ||   273
Dodge: Dodged            |    47 |    88 |   252 ||   387
Block: Buckler           |     4 |    24 |   119 ||   147

Table legend: (Time is in decaauts)
 A = Elapsed time spent in this place.
 B = Non-inter-level travel time spent in this place.
 C = Inter-level travel time spent in this place.
 D = Time resting spent in this place.
 E = Time spent auto-exploring this place.
 F = Levels seen in this place.
 G = Mean time per level.
                   A        B        C        D        E       F      G
               +--------+--------+--------+--------+--------+-----+--------+
         Total |   9296 |   9165 |    131 |   3285 |   2717 |   8 | 1162.0 |
       Dungeon |   9296 |   9165 |    131 |   3285 |   2717 |   7 | 1328.0 |
         Abyss |      0 |      0 |      0 |      0 |      0 |   1 |    0.0 |
               +--------+--------+--------+--------+--------+-----+--------+

Top non-repeatable levels by time:
     D:4: 2165 daAuts
     D:5: 1945 daAuts
     D:6: 1823 daAuts
     D:3: 1496 daAuts
     D:2: 1088 daAuts
     D:1: 723 daAuts
     D:7: 52 daAuts
